Sharks vs RedWings

Created - January-12-13 at 11:27

Goals
1 2 3 T
Sharks 0 0 0 0
RedWings 1 0 1 2
Shots
1 2 3 T
Sharks 3 14 7 24
RedWings 9 3 6 18

1st period

1. RedWings , Chris Summers 1 (Jamie Langenbrunner) at 16:50

Penalties :
Matt Niskanen (SJS) for Cross-checking (Minor) at 4:00, Tyler Bozak (SJS) for Tripping (Minor) at 10:14, Pavel Kubina (DET) for Roughing (Minor) at 13:59, Andrew Shaw (SJS) for High sticking (Minor) at 13:59, Eric Brewer (DET) for Slashing (Minor) at 18:34

2nd period

No Goal

Penalties :
Joe Thornton (DET) for Hooking (Minor) at 2:24, Curtis Glencross (DET) for High sticking (Minor) at 8:15, Roberto Luongo (DET) for Slashing (Minor) at 18:25 - Eric Brewer served the penalty.

3rd period

2. RedWings , Daymond Langkow 5 (Mark Fraser, Curtis Glencross) at 9:38

Penalties :
Jamie Langenbrunner (DET) for Slashing (Minor) at 1:14

Goalie Stats

Brian Elliott (SJS), 16 saves from 18 shots - (0.889), L, 21-13-7, 60:00 minutes
Roberto Luongo (DET), 24 saves from 24 shots - (1.000), W, 20-17-5, 60:00 minutes

Players Stats for Sharks

Player Name              G  A  P  +/- PIM S  H  SB GA TA FO     MP     PP MP  PK MP  
------------------------------------------------------------------------------------
Alex Tanguay             0  0  0  -1  0   2  0  0  0  0  2/2    20:11   4:33   1:36 
Andrew Ference           0  0  0   0  0   1  1  0  0  0  0/0    20:59   3:47   1:29 
Andrew Shaw              0  0  0  -1  2   0  6  0  0  0  0/0    17:38   4:33   0:00 
Eric Belanger            0  0  0   0  0   0  0  0  0  0  5/10    6:55   0:00   2:22 
Ian White                0  0  0  -1  0   1  0  0  0  0  0/0    24:50   6:08   2:29 
Jannik Hansen            0  0  0   0  0   1  1  0  0  0  0/1     6:55   0:00   2:22 
Jaromir Jagr             0  0  0  -1  0   0  0  0  0  0  0/1     9:28   0:00   0:00 
Johan Franzen            0  0  0   0  0   0  0  0  0  0  2/3    22:43   5:22   0:00 
Johnny Boychuk           0  0  0  -1  0   10 5  0  0  0  0/0    24:50   6:08   2:29 
Kyle Wellwood            0  0  0  -1  0   0  0  0  0  0  2/6     9:28   0:00   0:00 
Lauri Korpikoski         0  0  0   0  0   1  0  0  0  0  2/4     6:09   0:00   1:36 
Mark Stuart              0  0  0  -1  0   0  2  0  0  0  0/0    15:40   0:00   1:29 
Matt Niskanen            0  0  0  -1  2   0  0  1  0  0  0/0    14:10   0:00   0:00 
Mike Ribeiro             0  0  0   0  0   2  0  0  0  0  13/22  23:06   5:22   0:00 
Ryan Malone              0  0  0  -1  0   0  3  2  0  0  1/1     9:48   0:00   0:00 
Shane Doan               0  0  0   0  0   1  4  0  0  0  1/1    23:06   5:22   0:00 
Tomas Kaberle            0  0  0   0  0   3  0  0  0  0  0/0    19:30   3:47   0:00 
Tyler Bozak              0  0  0  -1  2   2  0  0  0  0  15/22  18:34   4:33   0:00 

Players Stats for RedWings

Player Name              G  A  P  +/- PIM S  H  SB GA TA FO     MP     PP MP  PK MP  
------------------------------------------------------------------------------------
Alexandre Burrows        0  0  0   1  0   2  2  0  0  0  1/3    23:30   2:35   0:00 
Brian Campbell           0  0  0   0  0   2  0  6  0  0  0/0    23:40   2:35   6:43 
Chris Summers            1  0  1   2  0   1  2  0  0  0  0/0     4:55   0:00   0:00 
Curtis Glencross         0  1  1   1  2   1  1  0  0  0  1/1    23:02   2:35   1:40 
Daymond Langkow          1  0  1   1  0   2  3  0  0  0  8/18   22:49   2:35   0:20 
Eric Brewer              0  0  0   0  2   1  2  3  0  0  0/0    20:25   2:35   3:29 
Jamie Langenbrunner      0  1  1   1  2   1  2  0  0  0  1/2    18:45   0:00   0:00 
Jared Spurgeon           0  0  0   0  0   0  0  3  0  0  0/0    13:34   0:00   2:52 
Joe Thornton             0  0  0   0  2   3  0  0  0  0  6/14   11:47   1:23   0:00 
Keith Yandle             0  0  0   0  0   3  1  1  0  0  0/0    20:43   1:23   3:12 
Mark Fraser              0  1  1   2  0   0  0  0  0  0  0/0     5:17   0:00   0:22 
Nate Thompson            0  0  0   0  0   0  2  1  0  0  5/23   15:43   0:00   7:08 
Paul Martin              0  0  0   0  0   1  1  0  0  0  0/0    20:43   1:23   3:12 
Pavel Kubina             0  0  0   0  2   0  4  1  0  0  0/0    10:41   0:00   0:00 
Ray Whitney              0  0  0   1  0   1  0  0  0  0  0/0    14:33   1:23   0:47 
Ryan Whitney             0  0  0   0  0   0  0  0  0  0  0/0     0:00   0:00   0:00 
Sergei Kostitsyn         0  0  0   0  0   0  0  0  0  0  0/0    22:54   1:23   7:28 
Travis Zajac             0  0  0   1  0   0  1  0  0  0  8/12   15:00   0:00   2:27 

3 Stars

1 - Roberto Luongo (DET)
2 - Chris Summers (DET)
3 - Daymond Langkow (DET)

Power Play

Sharks - 0 on 5 Attempt(s) - 0.00%
RedWings - 0 on 2 Attempt(s) - 0.00%

Penalty Kill

Sharks - 2 on 2 Attempt(s) - 100.00% - Score 0 goal in Penalty Kill
RedWings - 5 on 5 Attempt(s) - 100.00% - Score 0 goal in Penalty Kill

Official

Referees : Tim Peel and Wes McCauley
Linesman : Darren Gibbs and David Brisebois

Game Notes

No Game Note

Finance

Level 1 -- Attendance: 6500 (100.00%) -- Ticket Income $487,500
Level 2 -- Attendance: 5000 (100.00%) -- Ticket Income $250,000
Level 3 -- Attendance: 3500 (100.00%) -- Ticket Income $105,000
Level 4 -- Attendance: 2823 (69.43%) -- Ticket Income $56,460
Luxury Box -- Attendance: 943 (94.30%) -- Ticket Income $141,450
Game was played at the Joe Louis Arena
Total Attendance: 18766 (93.52%)
Total Ticket Income: $1,040,410
Other Income: $156,062
Total Income: $1,196,472


% Time on Ice - Sharks

Lines # - Real PCT - Wanted PCT - Time Play
Normal Forward
1 - 39% - 40% - 17:01
2 - 30% - 30% - 13:06
3 - 21% - 20% - 9:28
4 - 10% - 10% - 4:33
Normal Defense
1 - 34% - 40% - 15:08
2 - 33% - 30% - 14:47
3 - 31% - 20% - 13:51
4 - 1% - 10% - 0:22
PP Forward
1 - 54% - 60% - 5:22
2 - 46% - 40% - 4:33
PP Defense
1 - 62% - 60% - 6:08
2 - 38% - 40% - 3:47
PK Forward
1 - 60% - 60% - 2:22
2 - 40% - 40% - 1:36
PK Defense
1 - 63% - 60% - 2:29
2 - 37% - 40% - 1:29
PK3 Forward
1 - 0% - 60%
2 - 0% - 40%
PK3 Defense
1 - 0% - 60%
2 - 0% - 40%
44 Forward
1 - 53% - 60% - 1:03
2 - 47% - 40% - 0:56
44 Defense
1 - 53% - 60% - 1:03
2 - 47% - 40% - 0:56
Last Minute Offensive  - 0:00
Last Minute Defensive  - 0:00
Total
Forward - 60:00
Defense - 60:00

% Time on Ice - RedWings

Lines # - Real PCT - Wanted PCT - Time Play
Normal Forward
1 - 41% - 40% - 18:10
2 - 24% - 30% - 10:25
3 - 27% - 20% - 11:55
4 - 8% - 10% - 3:38
Normal Defense
1 - 29% - 40% - 13:01
2 - 35% - 30% - 15:30
3 - 24% - 20% - 10:42
4 - 11% - 10% - 4:55
PP Forward
1 - 65% - 60% - 2:35
2 - 35% - 40% - 1:23
PP Defense
1 - 65% - 60% - 2:35
2 - 35% - 40% - 1:23
PK Forward
1 - 75% - 60% - 7:28
2 - 25% - 40% - 2:27
PK Defense
1 - 68% - 60% - 6:43
2 - 32% - 40% - 3:12
PK3 Forward
1 - 0% - 60%
2 - 0% - 40%
PK3 Defense
1 - 0% - 60%
2 - 0% - 40%
44 Forward
1 - 100% - 60% - 1:59
2 - 0% - 40% - 0:00
44 Defense
1 - 68% - 60% - 1:21
2 - 32% - 40% - 0:38
Last Minute Offensive  - 0:00
Last Minute Defensive  - 0:00
Total
Forward - 60:00
Defense - 60:00

Play by Play

1st period


0:01 of 1st period - Mike Ribeiro wins face-off versus Daymond Langkow in neutral zone.
1:10 of 1st period - Icing by Keith Yandle.
1:11 of 1st period - Tyler Bozak wins face-off versus Joe Thornton in RedWings zone.
1:19 of 1st period - Icing by Joe Thornton.
1:20 of 1st period - Joe Thornton wins face-off versus Kyle Wellwood in RedWings zone.
1:25 of 1st period - Keith Yandle is hit by Ryan Malone and loses puck.
2:02 of 1st period - Jaromir Jagr is hit by Curtis Glencross and loses puck.
2:23 of 1st period - Andrew Shaw is hit by Daymond Langkow and loses puck.
2:38 of 1st period - Andrew Shaw is hit by Pavel Kubina.
2:49 of 1st period - Icing by Pavel Kubina.
2:50 of 1st period - Eric Belanger wins face-off versus Daymond Langkow in RedWings zone.
3:11 of 1st period - Shot by Johnny Boychuk.
3:11 of 1st period - Stopped by Roberto Luongo without a rebound.
3:12 of 1st period - Travis Zajac wins face-off versus Mike Ribeiro in RedWings zone.
3:12 of 1st period - Travis Zajac is hit by Shane Doan.
3:57 of 1st period - Icing by Matt Niskanen.
3:58 of 1st period - Nate Thompson wins face-off versus Johan Franzen in Sharks zone.
4:00 of 1st period - Minor Penalty to Matt Niskanen for Cross-checking.
4:01 of 1st period - Daymond Langkow wins face-off versus Eric Belanger in Sharks zone.
4:38 of 1st period - Shot by Brian Campbell.
4:38 of 1st period - Shot Misses the Net.
4:40 of 1st period - Shot by Brian Campbell.
4:40 of 1st period - Stopped by Brian Elliott with a rebound.
4:58 of 1st period - Shot by Joe Thornton.
4:58 of 1st period - Stopped by Brian Elliott without a rebound.
4:59 of 1st period - Joe Thornton wins face-off versus Lauri Korpikoski in Sharks zone.
5:07 of 1st period - Off-side.
5:08 of 1st period - Lauri Korpikoski wins face-off versus Joe Thornton in neutral zone.
5:39 of 1st period - Off-side.
5:40 of 1st period - Eric Belanger wins face-off versus Daymond Langkow in neutral zone.
6:03 of 1st period - Shot by Alexandre Burrows.
6:03 of 1st period - Shot Misses the Net.
6:05 of 1st period - Shot by Ray Whitney.
6:05 of 1st period - Shot Misses the Net.
7:34 of 1st period - Off-side.
7:35 of 1st period - Joe Thornton wins face-off versus Kyle Wellwood in neutral zone.
8:07 of 1st period - Icing by Paul Martin.
8:08 of 1st period - Mike Ribeiro wins face-off versus Jamie Langenbrunner in RedWings zone.
8:48 of 1st period - Shot by Curtis Glencross.
8:48 of 1st period - Stopped by Brian Elliott with a rebound.
8:57 of 1st period - Off-side.
8:58 of 1st period - Jamie Langenbrunner wins face-off versus Tyler Bozak in neutral zone.
9:09 of 1st period - Icing by Mark Fraser.
9:10 of 1st period - Eric Belanger wins face-off versus Travis Zajac in RedWings zone.
9:22 of 1st period - Jannik Hansen is hit by Chris Summers and loses puck.
9:28 of 1st period - Matt Niskanen is hit by Chris Summers and loses puck.
10:14 of 1st period - Minor Penalty to Tyler Bozak for Tripping.
10:15 of 1st period - Daymond Langkow wins face-off versus Eric Belanger in Sharks zone.
10:16 of 1st period - Shot by Brian Campbell.
10:16 of 1st period - Stopped by Brian Elliott without a rebound.
10:17 of 1st period - Alexandre Burrows wins face-off versus Eric Belanger in Sharks zone.
11:28 of 1st period - Shot by Keith Yandle.
11:28 of 1st period - Stopped by Brian Elliott without a rebound.
11:29 of 1st period - Joe Thornton wins face-off versus Lauri Korpikoski in Sharks zone.
11:34 of 1st period - Shot by Sergei Kostitsyn.
11:34 of 1st period - Shot Misses the Net.
11:36 of 1st period - Shot by Sergei Kostitsyn.
11:36 of 1st period - Shot Misses the Net.
11:38 of 1st period - Shot by Keith Yandle.
11:38 of 1st period - Stopped by Brian Elliott without a rebound.
11:39 of 1st period - Daymond Langkow wins face-off versus Eric Belanger in Sharks zone.
11:40 of 1st period - Shot by Eric Brewer.
11:40 of 1st period - Stopped by Brian Elliott without a rebound.
11:41 of 1st period - Eric Belanger wins face-off versus Alexandre Burrows in Sharks zone.
13:29 of 1st period - Jared Spurgeon is hit by Johnny Boychuk and loses puck.
13:49 of 1st period - Jared Spurgeon is hit by Andrew Shaw and loses puck.
13:59 of 1st period - Minor Penalty to Pavel Kubina for Roughing.
13:59 of 1st period - Minor Penalty to Andrew Shaw for High sticking.
14:00 of 1st period - Mike Ribeiro wins face-off versus Nate Thompson in RedWings zone.
14:27 of 1st period - Ian White is hit by Nate Thompson and loses puck.
15:43 of 1st period - Ray Whitney is hit by Ryan Malone and loses puck.
16:03 of 1st period - Joe Thornton is hit by Jannik Hansen and loses puck.
16:07 of 1st period - Alexandre Burrows is hit by Mark Stuart and loses puck.
16:18 of 1st period - Shot by Alexandre Burrows.
16:18 of 1st period - Stopped by Brian Elliott without a rebound.
16:19 of 1st period - Travis Zajac wins face-off versus Kyle Wellwood in Sharks zone.
16:50 of 1st period - Shot by Chris Summers.
16:50 of 1st period - Goal by Chris Summers - Sharks : 0 - RedWings : 1.
16:51 of 1st period - Daymond Langkow wins face-off versus Mike Ribeiro in neutral zone.
16:54 of 1st period - Mark Stuart is hit by Alexandre Burrows and loses puck.
18:34 of 1st period - Minor Penalty to Eric Brewer for Slashing.
18:35 of 1st period - Mike Ribeiro wins face-off versus Nate Thompson in RedWings zone.
18:50 of 1st period - Shot by Johan Franzen.
18:50 of 1st period - Deflect By Mike Ribeiro.
18:50 of 1st period - Shot Hit the Post.
18:52 of 1st period - Shot by Johnny Boychuk.
18:52 of 1st period - Stopped by Roberto Luongo without a rebound.
18:53 of 1st period - Nate Thompson wins face-off versus Tyler Bozak in RedWings zone.
19:20 of 1st period - Shot by Johnny Boychuk.
19:20 of 1st period - Shot Misses the Net.
19:22 of 1st period - Shot by Johnny Boychuk.
19:22 of 1st period - Stopped by Roberto Luongo without a rebound.
19:23 of 1st period - Nate Thompson wins face-off versus Mike Ribeiro in RedWings zone.
19:23 of 1st period - Nate Thompson is hit by Shane Doan.
19:30 of 1st period - Icing by Andrew Ference.
19:31 of 1st period - Mike Ribeiro wins face-off versus Nate Thompson in Sharks zone.

2nd period


0:01 of 2nd period - Mike Ribeiro wins face-off versus Nate Thompson in neutral zone.
0:06 of 2nd period - Shot by Johnny Boychuk.
0:06 of 2nd period - Shot Blocked by Jared Spurgeon.
0:12 of 2nd period - Shot by Ian White.
0:12 of 2nd period - Shot Misses the Net.
0:14 of 2nd period - Shot by Ian White.
0:14 of 2nd period - Shot Hit the Post.
0:16 of 2nd period - Shot by Johnny Boychuk.
0:16 of 2nd period - Shot Blocked by Brian Campbell.
0:18 of 2nd period - Shot by Johnny Boychuk.
0:18 of 2nd period - Deflect By Johan Franzen.
0:18 of 2nd period - Shot Blocked by Jared Spurgeon.
0:20 of 2nd period - Shot by Ian White.
0:20 of 2nd period - Shot Blocked by Jared Spurgeon.
0:22 of 2nd period - Shot by Johnny Boychuk.
0:22 of 2nd period - Stopped by Roberto Luongo without a rebound.
0:23 of 2nd period - Tyler Bozak wins face-off versus Nate Thompson in RedWings zone.
0:30 of 2nd period - Shot by Tomas Kaberle.
0:30 of 2nd period - Stopped by Roberto Luongo with a rebound.
0:32 of 2nd period - Shot by Alex Tanguay.
0:32 of 2nd period - Stopped by Roberto Luongo without a rebound.
0:33 of 2nd period - Mike Ribeiro wins face-off versus Nate Thompson in RedWings zone.
0:37 of 2nd period - Icing by Brian Campbell.
0:38 of 2nd period - Daymond Langkow wins face-off versus Mike Ribeiro in RedWings zone.
0:49 of 2nd period - Shot by Alexandre Burrows.
0:49 of 2nd period - Stopped by Brian Elliott without a rebound.
0:50 of 2nd period - Tyler Bozak wins face-off versus Joe Thornton in Sharks zone.
0:55 of 2nd period - Shot by Alex Tanguay.
0:55 of 2nd period - Shot Misses the Net.
1:07 of 2nd period - Shot by Jamie Langenbrunner.
1:07 of 2nd period - Stopped by Brian Elliott without a rebound.
1:08 of 2nd period - Curtis Glencross wins face-off versus Mike Ribeiro in Sharks zone.
2:03 of 2nd period - Icing by Alexandre Burrows.
2:04 of 2nd period - Tyler Bozak wins face-off versus Daymond Langkow in RedWings zone.
2:11 of 2nd period - Shot by Alex Tanguay.
2:11 of 2nd period - Shot Misses the Net.
2:13 of 2nd period - Shot by Alex Tanguay.
2:13 of 2nd period - Stopped by Roberto Luongo without a rebound.
2:14 of 2nd period - Kyle Wellwood wins face-off versus Joe Thornton in RedWings zone.
2:17 of 2nd period - Shot by Kyle Wellwood.
2:17 of 2nd period - Shot Misses the Net.
2:24 of 2nd period - Minor Penalty to Joe Thornton for Hooking.
2:25 of 2nd period - Tyler Bozak wins face-off versus Nate Thompson in RedWings zone.
2:41 of 2nd period - Shot by Tomas Kaberle.
2:41 of 2nd period - Shot Blocked by Brian Campbell.
2:49 of 2nd period - Shot by Andrew Ference.
2:49 of 2nd period - Shot Blocked by Brian Campbell.
3:15 of 2nd period - Ian White is hit by Nate Thompson and loses puck.
3:22 of 2nd period - Shot by Johnny Boychuk.
3:22 of 2nd period - Shot Misses the Net.
3:24 of 2nd period - Shot by Johnny Boychuk.
3:24 of 2nd period - Stopped by Roberto Luongo without a rebound.
3:25 of 2nd period - Mike Ribeiro wins face-off versus Travis Zajac in RedWings zone.
3:40 of 2nd period - Curtis Glencross is hit by Shane Doan.
3:44 of 2nd period - Shot by Johan Franzen.
3:44 of 2nd period - Shot Blocked by Keith Yandle.
5:01 of 2nd period - Ryan Malone is hit by Pavel Kubina and loses puck.
5:19 of 2nd period - Icing by Daymond Langkow.
5:20 of 2nd period - Tyler Bozak wins face-off versus Daymond Langkow in RedWings zone.
5:37 of 2nd period - Shot by Tyler Bozak.
5:37 of 2nd period - Shot Blocked by Pavel Kubina.
5:42 of 2nd period - Icing by Curtis Glencross.
5:43 of 2nd period - Mike Ribeiro wins face-off versus Daymond Langkow in RedWings zone.
6:01 of 2nd period - Icing by Pavel Kubina.
6:02 of 2nd period - Daymond Langkow wins face-off versus Tyler Bozak in RedWings zone.
6:29 of 2nd period - Ian White is hit by Jamie Langenbrunner.
8:15 of 2nd period - Minor Penalty to Curtis Glencross for High sticking.
8:16 of 2nd period - Tyler Bozak wins face-off versus Daymond Langkow in RedWings zone.
8:19 of 2nd period - Shot by Johnny Boychuk.
8:19 of 2nd period - Shot Blocked by Brian Campbell.
8:21 of 2nd period - Shot by Ian White.
8:21 of 2nd period - Stopped by Roberto Luongo without a rebound.
8:22 of 2nd period - Alex Tanguay wins face-off versus Nate Thompson in RedWings zone.
8:25 of 2nd period - Shot by Johnny Boychuk.
8:25 of 2nd period - Stopped by Roberto Luongo without a rebound.
8:26 of 2nd period - Tyler Bozak wins face-off versus Nate Thompson in RedWings zone.
8:29 of 2nd period - Shot by Ian White.
8:29 of 2nd period - Shot Misses the Net.
8:31 of 2nd period - Shot by Johnny Boychuk.
8:31 of 2nd period - Stopped by Roberto Luongo without a rebound.
8:32 of 2nd period - Tyler Bozak wins face-off versus Nate Thompson in RedWings zone.
9:48 of 2nd period - Shot by Andrew Ference.
9:48 of 2nd period - Shot Misses the Net.
10:04 of 2nd period - Shot by Mike Ribeiro.
10:04 of 2nd period - Deflect By Johan Franzen.
10:04 of 2nd period - Shot Blocked by Nate Thompson.
10:06 of 2nd period - Shot by Shane Doan.
10:06 of 2nd period - Stopped by Roberto Luongo without a rebound.
10:07 of 2nd period - Tyler Bozak wins face-off versus Nate Thompson in RedWings zone.
10:08 of 2nd period - Shot by Ian White.
10:08 of 2nd period - Shot Misses the Net.
10:10 of 2nd period - Shot by Tyler Bozak.
10:10 of 2nd period - Stopped by Roberto Luongo without a rebound.
10:11 of 2nd period - Alex Tanguay wins face-off versus Nate Thompson in RedWings zone.
10:43 of 2nd period - Curtis Glencross is hit by Mark Stuart and loses puck.
10:56 of 2nd period - Shot by Alexandre Burrows.
10:56 of 2nd period - Shot Blocked by Ryan Malone.
11:20 of 2nd period - Shot by Joe Thornton.
11:20 of 2nd period - Stopped by Brian Elliott without a rebound.
11:21 of 2nd period - Travis Zajac wins face-off versus Mike Ribeiro in Sharks zone.
12:02 of 2nd period - Paul Martin is hit by Johnny Boychuk and loses puck.
12:42 of 2nd period - Eric Brewer is hit by Andrew Ference and loses puck.
13:29 of 2nd period - Lauri Korpikoski is hit by Daymond Langkow and loses puck.
14:55 of 2nd period - Andrew Ference is hit by Paul Martin and loses puck.
15:04 of 2nd period - Shot by Mike Ribeiro.
15:04 of 2nd period - Stopped by Roberto Luongo without a rebound.
15:05 of 2nd period - Travis Zajac wins face-off versus Tyler Bozak in RedWings zone.
15:05 of 2nd period - Travis Zajac is hit by Andrew Shaw.
15:28 of 2nd period - Alex Tanguay is hit by Eric Brewer and loses puck.
16:07 of 2nd period - Shot by Mike Ribeiro.
16:07 of 2nd period - Stopped by Roberto Luongo without a rebound.
16:08 of 2nd period - Joe Thornton wins face-off versus Jaromir Jagr in RedWings zone.
16:18 of 2nd period - Joe Thornton is hit by Johnny Boychuk and loses puck.
18:21 of 2nd period - Shot by Mark Stuart.
18:21 of 2nd period - Shot Blocked by Eric Brewer.
18:25 of 2nd period - Shot by Tyler Bozak.
18:25 of 2nd period - Stopped by Roberto Luongo without a rebound.
18:25 of 2nd period - Minor Penalty to Roberto Luongo for Slashing.
18:26 of 2nd period - Tyler Bozak wins face-off versus Nate Thompson in RedWings zone.
18:31 of 2nd period - Shot by Johnny Boychuk.
18:31 of 2nd period - Stopped by Roberto Luongo without a rebound.
18:32 of 2nd period - Tyler Bozak wins face-off versus Nate Thompson in RedWings zone.
19:57 of 2nd period - Shot by Ian White.
19:57 of 2nd period - Shot Misses the Net.
19:59 of 2nd period - Shot by Ian White.
19:59 of 2nd period - Shot Misses the Net.

3rd period


0:01 of 3rd period - Nate Thompson wins face-off versus Mike Ribeiro in neutral zone.
0:44 of 3rd period - Shot by Tyler Bozak.
0:44 of 3rd period - Shot Misses the Net.
1:14 of 3rd period - Minor Penalty to Jamie Langenbrunner for Slashing.
1:15 of 3rd period - Mike Ribeiro wins face-off versus Nate Thompson in RedWings zone.
1:15 of 3rd period - Mike Ribeiro is hit by Eric Brewer.
1:21 of 3rd period - Shot by Johan Franzen.
1:21 of 3rd period - Shot Misses the Net.
1:35 of 3rd period - Shot by Shane Doan.
1:35 of 3rd period - Shot Misses the Net.
1:37 of 3rd period - Shot by Shane Doan.
1:37 of 3rd period - Shot Blocked by Eric Brewer.
1:39 of 3rd period - Shot by Johnny Boychuk.
1:39 of 3rd period - Stopped by Roberto Luongo without a rebound.
1:40 of 3rd period - Johan Franzen wins face-off versus Nate Thompson in RedWings zone.
1:43 of 3rd period - Shot by Ian White.
1:43 of 3rd period - Shot Misses the Net.
2:05 of 3rd period - Shot by Johan Franzen.
2:05 of 3rd period - Deflect By Shane Doan.
2:05 of 3rd period - Shot Blocked by Eric Brewer.
2:07 of 3rd period - Shot by Johan Franzen.
2:07 of 3rd period - Shot Misses the Net.
2:09 of 3rd period - Shot by Johnny Boychuk.
2:09 of 3rd period - Stopped by Roberto Luongo without a rebound.
2:10 of 3rd period - Travis Zajac wins face-off versus Tyler Bozak in RedWings zone.
2:10 of 3rd period - Travis Zajac is hit by Andrew Shaw.
2:27 of 3rd period - Shot by Tomas Kaberle.
2:27 of 3rd period - Stopped by Roberto Luongo with a rebound.
2:29 of 3rd period - Shot by Andrew Ference.
2:29 of 3rd period - Stopped by Roberto Luongo without a rebound.
2:30 of 3rd period - Tyler Bozak wins face-off versus Nate Thompson in RedWings zone.
2:39 of 3rd period - Shot by Andrew Ference.
2:39 of 3rd period - Shot Blocked by Brian Campbell.
2:49 of 3rd period - Shot by Tomas Kaberle.
2:49 of 3rd period - Stopped by Roberto Luongo without a rebound.
2:50 of 3rd period - Mike Ribeiro wins face-off versus Travis Zajac in RedWings zone.
3:34 of 3rd period - Kyle Wellwood is hit by Pavel Kubina and loses puck.
4:01 of 3rd period - Matt Niskanen is hit by Daymond Langkow and loses puck.
4:07 of 3rd period - Kyle Wellwood is hit by Alexandre Burrows and loses puck.
5:48 of 3rd period - Shot by Alex Tanguay.
5:48 of 3rd period - Shot Misses the Net.
6:03 of 3rd period - Icing by Paul Martin.
6:04 of 3rd period - Eric Belanger wins face-off versus Joe Thornton in RedWings zone.
6:19 of 3rd period - Shot by Lauri Korpikoski.
6:19 of 3rd period - Stopped by Roberto Luongo without a rebound.
6:20 of 3rd period - Ryan Malone wins face-off versus Alexandre Burrows in RedWings zone.
6:37 of 3rd period - Shot by Daymond Langkow.
6:37 of 3rd period - Stopped by Brian Elliott without a rebound.
6:38 of 3rd period - Travis Zajac wins face-off versus Tyler Bozak in Sharks zone.
7:47 of 3rd period - Icing by Andrew Ference.
7:48 of 3rd period - Nate Thompson wins face-off versus Mike Ribeiro in Sharks zone.
8:44 of 3rd period - Ray Whitney is hit by Ryan Malone and loses puck.
8:48 of 3rd period - Icing by Eric Brewer.
8:49 of 3rd period - Travis Zajac wins face-off versus Eric Belanger in RedWings zone.
9:00 of 3rd period - Eric Belanger is hit by Travis Zajac and loses puck.
9:08 of 3rd period - Off-side.
9:09 of 3rd period - Daymond Langkow wins face-off versus Tyler Bozak in neutral zone.
9:38 of 3rd period - Shot by Daymond Langkow.
9:38 of 3rd period - Goal by Daymond Langkow - Sharks : 0 - RedWings : 2.
9:39 of 3rd period - Johan Franzen wins face-off versus Joe Thornton in neutral zone.
10:20 of 3rd period - Joe Thornton is hit by Johnny Boychuk and loses puck.
11:47 of 3rd period - Pavel Kubina is hit by Andrew Shaw and loses puck.
12:19 of 3rd period - Jaromir Jagr is hit by Pavel Kubina and loses puck.
13:02 of 3rd period - Shot by Jannik Hansen.
13:02 of 3rd period - Stopped by Roberto Luongo with a rebound.
13:09 of 3rd period - Icing by Eric Brewer.
13:10 of 3rd period - Mike Ribeiro wins face-off versus Nate Thompson in RedWings zone.
13:23 of 3rd period - Shot by Shane Doan.
13:23 of 3rd period - Deflect By Johan Franzen.
13:23 of 3rd period - Shot Blocked by Brian Campbell.
13:40 of 3rd period - Icing by Mark Stuart.
13:41 of 3rd period - Mike Ribeiro wins face-off versus Joe Thornton in Sharks zone.
13:46 of 3rd period - Shot by Shane Doan.
13:46 of 3rd period - Shot Misses the Net.
14:33 of 3rd period - Jamie Langenbrunner is hit by Shane Doan and loses puck.
14:54 of 3rd period - Shot by Ray Whitney.
14:54 of 3rd period - Stopped by Brian Elliott without a rebound.
14:55 of 3rd period - Tyler Bozak wins face-off versus Daymond Langkow in Sharks zone.
15:26 of 3rd period - Brian Campbell is hit by Andrew Shaw.
15:27 of 3rd period - Icing by Brian Campbell.
15:28 of 3rd period - Daymond Langkow wins face-off versus Kyle Wellwood in RedWings zone.
16:07 of 3rd period - Shot by Keith Yandle.
16:07 of 3rd period - Shot Blocked by Ryan Malone.
16:09 of 3rd period - Shot by Jamie Langenbrunner.
16:09 of 3rd period - Shot Misses the Net.
16:11 of 3rd period - Shot by Paul Martin.
16:11 of 3rd period - Stopped by Brian Elliott without a rebound.
16:12 of 3rd period - Tyler Bozak wins face-off versus Joe Thornton in Sharks zone.
16:25 of 3rd period - Joe Thornton is hit by Andrew Shaw and loses puck.
16:36 of 3rd period - Shot by Joe Thornton.
16:36 of 3rd period - Stopped by Brian Elliott without a rebound.
16:37 of 3rd period - Travis Zajac wins face-off versus Jannik Hansen in Sharks zone.
16:41 of 3rd period - Ray Whitney is hit by Johnny Boychuk and loses puck.
17:14 of 3rd period - Icing by Ian White.
17:15 of 3rd period - Lauri Korpikoski wins face-off versus Daymond Langkow in Sharks zone.
17:27 of 3rd period - Lauri Korpikoski is hit by Keith Yandle and loses puck.
17:34 of 3rd period - Shot by Keith Yandle.
17:34 of 3rd period - Stopped by Brian Elliott without a rebound.
17:35 of 3rd period - Joe Thornton wins face-off versus Mike Ribeiro in Sharks zone.
17:56 of 3rd period - Icing by Shane Doan.
17:57 of 3rd period - Shane Doan wins face-off versus Daymond Langkow in Sharks zone.
18:12 of 3rd period - Shot by Johan Franzen.
18:12 of 3rd period - Shot Misses the Net.
19:14 of 3rd period - Shot by Joe Thornton.
19:14 of 3rd period - Shot Blocked by Matt Niskanen.
19:25 of 3rd period - Andrew Shaw is hit by Jamie Langenbrunner and loses puck.
19:47 of 3rd period - Off-side.
19:48 of 3rd period - Kyle Wellwood wins face-off versus Travis Zajac in neutral zone.


Output by the SimonT Hockey Simulator (STHS) for Stephane Roy -- Original Page W3C XHTML 1.0 Valid
Hockey Simulator - Hockey Simulation - Hockey Manager